[Event "44th Chess Olympiad Women 2022"]
[Site "Chennai"]
[Date "2022.08.03"]
[Round "6.4"]
[White "Eric, Jovana"]
[Black "Kiolbasa, Oliwia"]
[Result "0-1"]
[WhiteElo "2271"]
[BlackElo "2376"]
[Annotator "TA"]
[PlyCount "78"]
[EventDate "2022.??.??"]
[TimeControl "60"]

1. e4 e5 2.
Nf3 Nc6 3. Bb5 a6 4. Ba4 Nf6 5. d3 b5 6. Bb3 Bc5 7. Nc3 {[%emt 0:00:50] 7.c3 is setting a new trend.} h6 {
[%emt 0:02:22] C77: Ruy Lopez: 3...a6 4 Ba4 Nf6, unusual lines.} 8. Nd5 d6 9. a3 Rb8 {[%emt 0:03:02]
The position is equal.} 10. h3 Nxd5 11. Bxd5 Ne7 12. Ba2 Ng6 13. O-O O-O 14. c3 Bb6 15. Be3 {[%emt 0:04:24] [#]} c5 $146 ({
Predecessor:} 15... Be6 16. d4 Bxa2 17. Rxa2 c5 18. Ra1 c4 19. Qc2 Qf6 20. Rfd1
Rfe8 21. a4 Nf4 22. axb5 axb5 23. Bxf4 exf4 {½-½ (35) Alekseev,E (2602)
-Riazantsev,A (2634) Sochi 2021}) 16. b4 Bb7 17. Qd2 Kh7 18. Rfc1 c4 19. dxc4 Bxe4 20. Qe2 (20. c5 $11 dxc5 21. bxc5) 20... Bxe3 $17 21.
fxe3 f5 22. cxb5 axb5 23. c4 f4 (23... bxc4 $15 24.
Rxc4 Qf6) 24. exf4 (24. Nd2 $11 Ba8 25. Bb1) 24... Rxf4 $15 25. Nd2 Bb7 (25... Bf5 $15)
26. Bb1 $1 $11 bxc4 27. Bxg6+ Kxg6 28. Nxc4 Kh7 29. Rd1 Rf6 {[%emt 0:00:25] ...Rg6 is the strong threat.} 30. Kh2 $2 (30. Qc2+ $11 e4 31. Ne3) 30... Rg6 $17 31.
Ne3 (31. g3 $17) 31... Qg5 $1 $19 {[%emt 0:00:28][%cal Yg5e3]
Strongly threatening ...Qxe3!} 32. Nd5 Rf8 $1 ({And not} 32... Bxd5 33. Rxd5 Rc8 34. Kh1 $11) 33. Kh1 Ba6 $2 34. Qc2 {[%emt 0:00:55] Against Rf2} (34. Qg4) 34... Kh8 $2 (34... Bc8 $19 {has better winning chances.} 35. Rd2 Bf5) 35.
a4 (35. Ne7 $17 {keeps fighting.} Re6 36. Nd5) 35... Qg3 $2 (35... Bb7 $19 {[%cal Ye5e4] Hoping for ...e4!} 36. a5 Qg3) 36.
Ra2 {[%emt 0:00:56] [#]} (36. Ne7 $11 {keeps the balance.} Re6 37. Nf5) 36...
Rg5 $1 $40 {[%emt 0:01:15] Threatens to win with ...Rgf5. Black attacks with
force. Black is more active.} 37. b5 Bb7 38.
Qe2 Rgf5 39. Qc4 $2 ({
Don't go for} 39. Qd3 $2 {[#]} Rf1+ $3 40. Rxf1 Qxd3 $19) (39. Kg1 $17) 39...
Bxd5 {[%emt 0:00:28] Weighted Error Value: White=0.58/Black=0.40} 0-1

[Event "44th Chess Olympiad Women 2022"]
[Site "Chennai"]
[Date "2022.08.03"]
[Round "6.4"]
[White "Injac, Teodora"]
[Black "Kashlinskaya, Alina"]
[Result "0-1"]
[WhiteElo "2372"]
[BlackElo "2505"]
[Annotator "TA"]
[PlyCount "94"]
[EventDate "2022.??.??"]
[TimeControl "60"]

1. Nf3 d5 2. g3 Nf6 3. Bg2 c5 4. O-O e6 5. d3 Nc6 6. Nbd2 Be7 7. e4 b5 8. Re1 Bb7 {[%emt 0:00:31] C00:
French: Unusual White 2nd moves.} 9. h4 h6 10. Qe2 {[%emt 0:10:04] [#]} Qb6 $146 {[%emt 0:29:57] Black has an edge.} ({
Predecessor:} 10... Qc7 11. Nf1 b4 12. Bf4 Qb6 13. e5 Nd7 14. N1h2 a5 15. c4
dxc4 16. dxc4 O-O-O {1-0 (60) Voloshin,L (2389)-Guelsen,T (2093) Ceske
Budejovice 2017}) 11. exd5 (11. a4 {seems wilder.} Nb4 12.
axb5 Nxc2 13. Nc4) 11... exd5 12. a4 O-O 13. axb5 Qxb5 14. d4 Qb6 15. Nb3 c4 16. Nbd2 (16. Na5 $5 Nxa5 17. Qxe7 $14) 16... Rae8 17. c3 Bc8 $36 {[%emt 0:00:16] Black has some
pressure.} 18. Nf1 Bf5 (18... Bd6 $5 19. Be3 Bg4 $15) 19. Ne3 Be4 ({
Black should try} 19... Bd8 $11) 20. Bh3 (20. Ne5 $14) 20...
Bd3 21. Qd1 Bd8 22. Nh2 Na5 23. Nhg4 Nxg4 24. Bxg4 Nb3 $1 25. Ra3 (25. Nxd5 $2 Rxe1+ 26. Qxe1 Qg6 $19) 25... Be4 {[%emt 0:00:33] Black is
more active.} 26. Bd7 {[%emt 0:00:47] Black converts the advantage
convincingly.} (26. Ng2 $15) 26... Re7 $17 27. Bf5 Bxf5 28. Nxf5 Rxe1+ 29. Qxe1 {[%emt 0:00:04] [#]} Qg6 $1 30. Ne3 (30. Qe5 $17 Nxc1 31. Ra6) 30... Qb1 $19 31. Rxb3 cxb3 32. Nxd5 a5 33. c4 (33. Qe3 $142 a4 34. Qd2) 33... a4 34. Nc3 Qa1 35.
Nb5 {[%emt 0:00:59] Prevents a3.} Qb1 $2 ({Better is} 35...
Bf6 $19 36. Qe3 Rd8) 36. Kg2 $2 (36. Nc3 $1 $11 Qc2 37. Nxa4)
36... Qd3 37. Qc3 Qxc3 38.
Nxc3 {[%emt 0:00:21] Endgame KRB-KBN} (38. bxc3 {was the only defense.} g5 39.
hxg5) 38... Bf6 {[%emt 0:00:03] Black is clearly winning.} 39. Nb5 Rc8 40. c5 {[%emt 0:00:17] [#]} Bxd4 41.
Nxd4 {[%emt 0:30:11] Hoping for c6.} Rxc5 42. Be3 Rd5 {[%emt 0:00:00][%cal Ya4a3] Threatens to win with ...a3!}
({Wrong is} 42... a3 $2 43. Nxb3 axb2 44. Nd2 $19) 43. Ne2 (
43. Nxb3 $142 axb3 44. g4) 43... a3 44. bxa3 Rd3 {[%emt 0:00:00] White must now prevent ...b2.} 45. Bc1 Rd1 46. Be3 b2 47. Nc3 Rc1 {[%emt 0:00:00] Weighted Error Value: White=0.67/Black=0.18 (very
precise)} 0-1

[Event "44th Chess Olympiad Women 2022"]
[Site "Chennai"]
[Date "2022.08.03"]
[Round "6.4"]
[White "Malicka, Maria"]
[Black "Velikic, Adela"]
[Result "1-0"]
[WhiteElo "2393"]
[BlackElo "2273"]
[Annotator "TA"]
[PlyCount "149"]
[EventDate "2022.??.??"]
[TimeControl "60"]

1. e4 c5 2. Nf3 d6 3. d4 cxd4 4. Nxd4 Nf6 5. Nc3 Nc6 6. Bg5 e6 7. Qd3 a6 8. Nxc6 $1 {[%emt 0:00:31] is more
profitable than 8.0-0-0 at the moment. B62: Sicilian: Richter-Rauzer: 6... e6:
Unusual White 7th moves.} bxc6 9. O-O-O {[%emt 0:00:03][%cal
Ye4e5] e5! is the strong threat.} Be7 10. Qg3 {[%emt 0:00:00]
White is slightly better.} Qc7 11. Be2 Rb8 {
[%emt 0:06:45] [#]} 12. Rhf1 $146 ({Predecessor:} 12. h4 O-O
13. h5 Ne8 14. Bxe7 Qxe7 15. h6 g6 16. Kb1 a5 17. b3 Qc7 18. Qe3 {1-0 (33)
Fremmegaard,J (1585)-Zens,R (2050) ICCF email 2016}) 12... O-O 13. f4 d5 (13... Kh8 $11) 14. e5 $16 Ne8 15. Bxe7 Qxe7 16. Na4 $36 {[%emt 0:00:39] Keeping Black busy.} Nc7 17. Qc3 {[%emt 0:04:09] Inhibits c5.} Qb4 (17... a5 $14) 18.
Qxb4 (18. Qxc6 Bb7 19. Qxc7 Qxa4 $11) 18... Rxb4 19. Nc5 Rd8 20. c3 Rb8 21. Kc2 Ra8 22. Rd4 $1 Ra7 (22... a5 $16 {might work better.}) 23.
Ra4 ({White should play} 23. Rb4 $18) 23... Kf8 24. Rd1 Ke7 25. Rdd4 f6 26. Bd3 Bd7 27. Kd2 ({But not} 27. Bxh7 Rh8 $11) 27... Rf8 28. Ke3 ({Much worse is} 28. Bxh7 $6 Rh8 29. Bc2 Rxh2 $11) 28... h6 29. Ra5 Rb8 30. b3 Bc8 31. Rda4 {[%emt 0:04:21] White is much more
active.} Rb6 32. Be2 Ra8 33.
a3 Ra7 34. Rb4 Rxb4 35. axb4 Ra8 36. Kd4 g5 37. g3 gxf4 38. gxf4 fxe5+ 39. Kxe5 Bd7 40. Nxa6 Nxa6 41. Rxa6
$18 {[%emt 0:30:20] Endgame KRB-KRB} Rg8 42. Bf3 {[%emt 0:00:
00] Against Rg2} (42. Ra7 $18 {has better winning chances. And now b5 would
win.} Rg2 43. Bd3) 42... Rg1 $16 43. Ra2 $1 Rf1 (43... Rc1 $1 $14) 44. Bh5 $1 Re1+ 45. Re2 Rb1 46. Rg2 Re1+ 47. Re2 Rb1 48.
Re3 Rh1 {[%emt 0:02:50] [#]} 49. h3 Rg1 50. c4 Rg2 51. Be2 Rg8 52. Bg4 Rb8 {[%emt 0:00:00]
Inhibits b5.} 53. Kd4 {[%emt 0:01:13] Strongly threatening Kc5.} Kd6 54. b5 dxc4 {[%emt 0:00:40] This costs Black the game.
} (54... c5+ $14 55. Kd3 Rf8) 55. bxc6 $18 ({Weaker is} 55.
Kxc4 cxb5+ 56. Kd3 Rf8 $11) 55... Kxc6 56. bxc4 Rf8 57. Re4 Kc7 {[%emt 0:00:41] [#]} 58.
Ke5 $1 Re8 59. Kf6 Rg8 $2 (59... Kd6 60. Rd4+ Kc7) 60. Kf7 Ra8 61. Bxe6 Ra3 62. Bxd7 {[%emt 0:00:33]
White mates.} Kxd7 {[%emt 0:00:01] KR-KR} 63. h4 Rg3 64. f5 h5 65. Re7+ Kd8 66. Re8+ Kd7 67. Rh8 Rg4 68. Rxh5 Rxc4 69. f6 Rf4 70. Rh8 Kd6 71. h5 Ke5 72. Re8+ Kf5 73. Ra8 Kg5 74. Kg7 Rxf6 75. Ra5+ {
[%emt 0:00:03] Weighted Error Value: White=0.10 (very precise) /Black=0.28 
(precise)} 1-0

[Event "44th Chess Olympiad Women 2022"]
[Site "Chennai"]
[Date "2022.08.03"]
[Round "6.4"]
[White "Socko, Monika"]
[Black "Blagojevic, Tijana"]
[Result "1-0"]
[WhiteElo "2416"]
[BlackElo "2330"]
[Annotator "TA"]
[PlyCount "95"]
[EventDate "2022.??.??"]
[TimeControl "60"]

1. d4 d5 2. c4 e6 3. Nf3 Nf6 4. e3 b6 5. Nbd2 Bd6 6. Qc2 {[%emt 0:02:50] E14: Queen's Indian: Classical
Variation (4 e3).} Bb7 7. c5 bxc5 8. dxc5 {[%emt 0:01:07] White is slightly better.} Be7 9. b4 {[%emt 0:04:07] [#]} c6 $146 ({Predecessor:} 9... O-O
10. Bb2 a5 11. b5 c6 12. a4 Nbd7 13. Bd4 Re8 14. Rc1 Bf8 15. Qb2 Ng4 {0-1 (46)
Breyer,G-Tarrasch,S Gothenburg 1920}) 10. Nb3 {[%emt 0:04:13] Against a5} Nbd7 11. Bb2 O-O 12.
Bd3 a5 13. a3 axb4 14. axb4 Rxa1+ 15. Bxa1 Qc7 16. O-O Ra8 17. Bc3 e5 18. e4 dxe4 19. Bxe4 Ra3 (19... Nxe4 $14 20. Qxe4
Ra3) 20. Re1 (20. Bf5 $18) 20... Nxe4 $16 21.
Rxe4 f6 22. Na5 {[%emt 0:04:24] White is
more active.} Kh8 (22... Ba6 $16) 23. Re1 ({
Much less strong is} 23. Rh4 $6 h6 $16) 23... Ba6 24. Qb2 Ra4 {[%emt 0:00:39] [#]} 25. Qb3 $1 Bb5 26. h4 {[%emt 0:05:41] Black must now prevent Qf7.} Nf8 $2 {
[%emt 0:01:25] [#] This move loses the game for Black.} (26... Qc8 $16) 27.
Nxe5 $1 $18 {[%emt 0:08:28] White threatens Nf7+ and mate.} fxe5 (27... h6 28. Nexc6) 28. Bxe5 {[%emt 0:00:01] Strongly threatening Qf7.}
Qd7 29. Qf7 Qg4 {
[%emt 0:00:49] [#]} 30. Qxe7 (30. Re4 $142 $3 Ra1+ 31. Kh2)
30... Kg8 31. f3 Qd7 32. Bc3 Ra3 33. Qxd7 Nxd7 {[%emt 0:
00:04] [#]} 34. Bxg7 Nxc5 35. bxc5 {[%emt 0:
01:00] Threatens to win with Ra1.} Kxg7 {[%emt 0:00:13] Endgame KRB-KRN} 36.
Nb7 Rc3 37. Re7+ Kg6 38. Re5 Rc1+ 39. Kh2 Rc2 40. Nd6 Be2 $2 (40... Kf6 41. Rf5+ Kg7 42. Nxb5 cxb5) 41. Kh3 (41.
Re6+ $142 Kg7 42. h5) 41... Bf1 $2 (41... Kf6 42. Re8 Bc4 43.
Ne4+ Kf5) 42. Rg5+ Kf6 43. Ne4+ Kf7 44. h5 Bd3 45. Kg3 Bf1 46. Nf2 Bc4 $2 (46... h6 47. Rg6 Rxc5 48. Rxh6 Rg5+ 49. Ng4
Kg7) 47. h6 Bd5 48. Rg7+ {[%emt 0:00:00]
Weighted Error Value: White=0.39/Black=0.33} 1-0

[Event "44th Chess Olympiad Women 2022"]
[Site "Chennai"]
[Date "2022.08.03"]
[Round "6.5"]
[White "Guichard, Pauline"]
[Black "Van Foreest, Machteld"]
[Result "1-0"]
[WhiteElo "2379"]
[BlackElo "2299"]
[Annotator "TA"]
[PlyCount "67"]
[EventDate "2022.??.??"]
[TimeControl "60"]

1. d4 d5 2. c4 e6 3. Nf3 c5 4. cxd5 exd5 5. g3 Nc6 6. Bg2 Nf6 7.
O-O Be7 8. dxc5 Bxc5 9. a3 O-O 10. b4 Be7 11. Nc3 h6 12. Bb2 Be6 13. Rc1 {[%emt 0:03:30] D34: Tarrasch
Defence: 6 g3 Nf6 7 Bg2 Be7.} Rc8 14. Qd3 {[%emt 0:09:29]
Against Ne4} Qd7 15. Rfd1 {[%emt 0:01:11] White is slightly
better.} Rfd8 {[%emt 0:01:16] [#]} 16. e3 $146 ({Predecessor:
} 16. Qb1 Qe8 17. e3 a6 18. Qa1 Qf8 19. Ne2 Ne4 20. Nf4 Bf6 21. Ne1 Qe7 22.
Ned3 Bxb2 23. Qxb2 {1-0 (67) Artemiev,V (2696)-Faizrakhmanov,R (2421) St
Petersburg 2017}) 16... Bg4 $2 {[%emt 0:17:38] [#] This move loses the game
for Black.} (16... Bf5 $14 17. Qf1 Qe8) 17. b5 $1 $18 Na5 18. Ne5 Qe6 19.
Nxg4 (19. Nxd5 $2 Rxc1 20. Rxc1 Nxd5 $17) 19... Qxg4 20. Nxd5 Nxd5 21. Bxd5 Nc4 22. Ba1 {[%emt 0:13:18] [#] aiming for f3. This
bishop pair is nice.} Nb6 (22... Qh5 $16 {keeps fighting.} 23.
a4 Rc7) 23. Rxc8 {[%emt 0:05:54] Really sharp!} Nxc8 24. Qb3 Nd6 25. Kg2 Rc8 26. Be5 Nc4 (26... Qh5) 27. Rd4 Nxe3+ $2 (27...
Qf5) 28. Qxe3 {[%emt 0:00:17] White is clearly winning.} ({Not} 28. fxe3 Qe2+
29. Kh3 Qf1+ 30. Bg2 (30. Kg4 $2 {leads to mate.} h5+ 31. Kxh5 Qf5#) 30... Qf5+
31. g4 Qxe5 32. Bxb7 (32. Rf4 Bf6 $17) 32... Rc7 $15) 28... Qh5 29. Rf4 Bg5 30. Bxf7+ Qxf7 31. Rxf7 Bxe3 32. Rxg7+ Kf8 33. fxe3 Rc2+ 34. Kf3 {[%emt 0:00:14] Weighted Error Value: White=0.08 (flawless) /
Black=0.53} 1-0

[Event "44th Chess Olympiad Women 2022"]
[Site "Chennai"]
[Date "2022.08.03"]
[Round "6.5"]
[White "Navrotescu, Andreea"]
[Black "Lanchava, Tea"]
[Result "0-1"]
[WhiteElo "2373"]
[BlackElo "2257"]
[Annotator "TA"]
[PlyCount "138"]
[EventDate "2022.??.??"]
[TimeControl "60"]

1. c4 g6 2. d4 Bg7 3. e4 d6 4. Nc3 Nd7 5. Nf3 c6 6. Be2 e5 7. d5 c5 {[%emt 0:00:12] A42: Modern Defence: Averbakh Variation.} 8. g4 f6 (8... h6 $14) 9. h4 $16 Nh6 {[%emt 0:18:34] [#] White is better.} 10. g5 $146 (10. h5
$18) ({Predecessor:} 10. Nd2 Nf7 11. Nf1 a6 12. Ng3 Rb8 13. a3 Bh6 14. Be3 Bxe3
15. fxe3 O-O 16. Kd2 {½-½ (60) Tosic,M (2465)-Varlamov,V (2305) St
Petersburg 1993}) 10... Nf7 11. gxf6 Nxf6 12. Ng5 {[%emt 0:00:12] Hoping for Ne6.} Qe7 {[%emt 0:04:26]
Prevents Ne6.} 13. Be3 Bd7 14. Rg1 a6 15. h5 (15. Na4 $16) 15... Bf8 $2 (15... Nxg5 $14 16. Bxg5 h6 17. Bxf6 Bxf6) 16. Qb3 $1 $18 (16. Ne6 $6 Bxe6 17. dxe6 Qxe6 $16) 16... Rb8 17. O-O-O gxh5 {[%emt 0:08:45] [#]} 18. Ne6 $1 Ng4 $2 (18... b6 19. Rh1 Bxe6 20. dxe6 Qxe6
21. Bxh5 Be7 22. Qa4+ Kf8 23. Qxa6 Rg8) 19. Nc7+ Kd8 20. Nxa6 {[%emt 0:00:35] Pin} Kc8 21. Nxb8 Kxb8 22. Bxg4 hxg4 23. Nb5 h5 24. Qa4 {[%emt 0:00:12] White
wants to mate with Qa7+.} Bxb5 25. cxb5 ({
Less strong is} 25. Qxb5 Bh6 $16) 25... Qc7 26. Rd3 Qb6 27. Qc4 Be7 28.
a4 Bg5 29. Kc2 (29. f3 $1
$16) 29... Bxe3 $1 $11 30. Rxe3 {[%emt 0:00:02] And now f3
would win.} Ng5 {[%emt 0:00:13] Prevents f3.} 31. a5 Qxa5 32. Ra3 Qb4 33. Qxb4 cxb4 $17 {[%emt 0:00:05] Endgame KRR-KRN} 34. Ra4 {[%emt 0:01:
00] aiming for b6.} Kc7 (34... Nxe4 $17 {White must now
prevent ...Rc8+.} 35. Rga1 Rc8+ 36. Kd1 Nxf2+ 37. Ke1 Nd3+ 38. Kd2 Nc5 39. Ra8+
Kc7 40. b6+ Kxb6 41. Rxc8 Nb3+ 42. Kd3 Nxa1) 35. Rxb4 $2 {[%emt 0:00:00] [#]} (
35. b6+ $1 $11 {and White has nothing to worry.} Kxb6 36. Rxb4+ Kc5 37. Kb3 (
37. Rxb7 Nxe4 38. Rd1 Nxf2 $11)) 35... Kb6 $1 $19 36. Kd3 Rf8 37. Rc4 $2 (37. Ke2)
37... Rxf2 38. Rc8 Rf3+ 39.
Ke2 (39. Kc2 $142) 39... Nxe4 40. Rh8 Rb3 ({But not} 40... Kxb5 $2 41. Rc1 $19) 41.
Rd1 Kxb5 42. Rd3 (42. Rc1
$142 Rxb2+ 43. Ke3) 42... Rxb2+ 43. Ke3 Ng3 44. Rd1 h4 45. Rg8 Rb4 {[%emt 0:00:23] Strongly threatening ...Re4+.
} 46. Kf2 Nf5 {[%emt 0:03:00] Threatens to win with ...Rb2+.}
47. Rg5 Rb2+ 48. Kg1 Ne3 (48... Nd4 $142 49. Rg7 Kc5 50. Rc7+ Kxd5) 49. Re1 Rg2+ 50. Kh1 Rg3 {[%emt 0:00:09] Black
is clearly winning.} 51. Rg7 b6 52. Rc7 Nxd5 53. Rb1+ Nb4 54. Rh7 h3 {[%emt 0:00:56] ...e4 is the strong threat.
} 55. Kh2 Rg2+ 56. Kh1 Rd2 57. Rg7 Rd4 58. Kh2 Kc4 59. Kg3 b5 60. Rxg4 Rxg4+ 61.
Kxg4 {[%emt 0:00:11] KR-KN} Nd3 62. Kxh3 b4 63. Kg3 e4 64. Kg2 b3 65. Kf1 Kc3 66.
Ke2 Kc2 67. Rd1 b2 68. Rd2+ Kc3 69. Rd1 Nc1+ {[%emt 0:00:06] What a bad dream for White. Weighted Error Value: White=0.
74/Black=0.32} 0-1

[Event "44th Chess Olympiad Women 2022"]
[Site "Chennai"]
[Date "2022.08.03"]
[Round "6.5"]
[White "Ratsma, Rosa"]
[Black "Savina, Anastasia"]
[Result "1-0"]
[WhiteElo "2226"]
[BlackElo "2377"]
[Annotator "TA"]
[PlyCount "61"]
[EventDate "2022.??.??"]
[TimeControl "60"]

1. e4 d6 2. d4 Nf6 3. Nc3 e5 4. Nf3 Nbd7 5.
Rg1 g6 6. Be3 {[%emt 0:00:32] C41: Philidor
Defence.} c6 7. g4 Bg7 8.
dxe5 {[%emt 0:00:31] White is slightly better.} (8. g5 $5 Nh5 9.
Qd2 $14) 8... dxe5 9. Qd2 {[%emt 0:01:16] [#]} h5 $146 (9... O-O $14) ({Predecessor:} 9... O-O 10. O-O-O Qe7 11. Nh4
Nb6 12. f3 Be6 13. Nf5 Bxf5 14. gxf5 Rfd8 15. Qf2 Nh5 {0-1 (37) Chen,R (2242)
-Schitco,I (2466) Richardson 2022}) 10. gxh5 $16 Nxh5 {
[%emt 0:01:19] [#]} 11. Bc4 $1 Qe7 {[%emt 0:08:52] [#]} 12.
Ng5 $1 {[%emt 0:14:22] 0x0.0024ac3ae416dp-1022s more active pieces.} O-O 13. Nxf7 $2 (13. O-O-O $18) 13... Rxf7 $11 14. Rxg6 {[%emt 0:00:48] Threatens to win with 0-0-0.} Nf8 15. Bxf7+ (15. Rg5 $5 ) 15...
Qxf7 16. Rg1 Nf4 (16... Kh7
$11) 17. O-O-O b5 $2 {[%emt 0:02:12] A mistake that costs the
game.} (17... Be6 $14) 18. Qd6 $18 Be6 19. Qxc6 {[%emt 0:04:45] The board is on fire.} Rc8 20. Qxb5 Qc7 21. Rd2 Bc4 22. Qa4 a6 23. Nd5 {[%emt 0:
02:53] White is clearly winning.} Bxd5 24. exd5 Qd6 25. h4 Kh8 26. Qe4 Nd7 27. Bxf4 exf4 28. Qe6 Bxb2+ (28... Qxe6 $142 29.
dxe6 Nf6) 29. Kxb2 Rb8+ 30. Ka1 Qf8 31. c3 {[%emt 0:02:16] Weighted Error Value: White=0.
16 (very precise) /Black=0.51} 1-0

[Event "44th Chess Olympiad Women 2022"]
[Site "Chennai"]
[Date "2022.08.03"]
[Round "6.5"]
[White "Roebers, Eline"]
[Black "Sebag, Marie"]
[Result "1-0"]
[WhiteElo "2344"]
[BlackElo "2447"]
[Annotator "RC"]
[PlyCount "95"]
[EventDate "2022.??.??"]
[TimeControl "60"]

1. e4 c5 2. Nf3 d6 3. d4 cxd4 4. Nxd4 Nf6 5. Nc3 a6 6. f4 Qc7 7. f5 b5 8. g4 Bb7 9. Bg2 b4 10. Nd5 Nxd5 11. exd5 Qc4 12. Nb3 a5 13. Rf1 a4 14. Rf4 Qb5 15. Nd4 Qc5 16. Ne2 e5 17. fxe6 fxe6 18. a3 bxa3 19. Rxa3 e5 20. Rfxa4 Rxa4 21. Rxa4 Be7 22. Qd3 Bh4+ 23. Kd2 Qf2 24. Qb5+ Nd7 25. Be4 Bg5+ 26. Kd3 Bxc1 27. Nxc1 Ba6 28. Rxa6 Qd4+ 29. Ke2 Qxe4+ 30. Kd2 Qf4+ 31. Kc3 O-O 32. Ne2 Qxg4 33. Rxd6 Nf6 34. Kb3 Ne4 35. Rb6 Nd2+ 36. Ka2 Qe4 37. Nc3 Qxc2 38. Rb8 Rxb8 39. Qxb8+ Kf7 40. Qb7+ Kf6 41. d6 Qd3 42. Qe7+ Kg6 43. Qe6+ Kh5 44. d7 g6 45. Qxe5+ Kh6 46. Qe6 Nf3 47. Qd5 Qa6+ 48. Kb1 1-0

[Event "44th Chess Olympiad Women 2022"]
[Site "Chennai"]
[Date "2022.08.03"]
[Round "6.6"]
[White "Efroimski, Marsel"]
[Black "Paehtz, Elisabeth"]
[Result "1/2-1/2"]
[WhiteElo "2456"]
[BlackElo "2484"]
[Annotator "TA"]
[PlyCount "82"]
[EventDate "2022.??.??"]
[TimeControl "60"]

1. e4 c5 2. Nf3 Nc6 3. Bb5 g6 4. O-O Bg7 5. c3 Nf6 6. Re1 O-O 7. d4 d5 $1 {[%emt 0:00:07] is currently
scoring better than 7...cxd4.} 8. e5 Ne4 9.
Be3 {[%emt 0:00:11] B31: Sicilian: 2...Nc6 3 Bb5 g6.} cxd4 (
9... Qb6 {keeps more tension.} 10. Na3 cxd4 11. Nxd4 Nxe5 12. f3 a6) 10. cxd4 Qb6 11. Bxc6 bxc6 12. Qc1 Rb8 13. b3 f6 14. Nc3 Bf5 15. Na4 {
[%emt 0:08:16] [#]} Qb5 $146 ({Predecessor:} 15... Qa6 16. Qa3
fxe5 17. Nxe5 c5 18. Rac1 Rbc8 19. f3 cxd4 20. Rxc8 Rxc8 21. Bxd4 Nd6 {1-0 (34)
Lobanov,S (2516)-Aravindh,C (2641) Chess.com INT 2020}) 16. Qa3 (16. Bh6 $16) 16... g5 17. Rac1 g4 18. exf6 gxf3 19. fxg7 {
[%emt 0:00:12] Really sharp!} Rf7 20. g3 $2 (
20. Bh6 $6 fxg2 21. Nc5 Rc8 $11) (20. Bf4 $16 {and life is bright.}) 20... Qa6
$1 $17 (20... Kxg7 21. Nc5 $16) 21. Bf4 {[%emt 0:00:00] [#]}
Bg6 {[%emt 0:12:41] Threatens to win with ...Qc8.} 22. Rxe4 dxe4 23. Bxb8 (23. Be3 $17) 23... Qc8 24. Kh1 {[%emt 0:01:01] [#]} (24. Bxa7 $2 Qh3 25. Rxc6 Qg2#)
24... Qxb8 (24... e3 $1 $19 {( -> ...Qh3)} 25. Qb2 (25. Bxa7
Qh3 26. Rg1 exf2 27. Qc1 fxg1=Q+ 28. Qxg1 f2 29. g4 fxg1=Q+ 30. Kxg1 Qf1#)
25... Qxb8) 25. b4 $36 {[%emt 0:05:31] White has the initiative.} (25. Rxc6 e3
26. Qb2 (26. fxe3 $2 f2 27. h3 f1=Q+ 28. Kh2 Rf2#) (26. Qc1 $2 Qb5 $19) 26...
Qb4 $17) 25... Qb5 {[%emt 0:07:18] Strongly threatening ...e3.} 26. Nc5 $1 ({Inferior is} 26. Nc3 Qd3 27. Nb1 (27. Qxa7 $2 Qd2 $19) (27.
Rd1 $2 Qc2 $19) 27... e3 28. Qxd3 Bxd3 29. fxe3 f2 $19) 26... Qe2 27. Qe3 (27. Qxa7 Qxf2 28. Qb8+ Kxg7 29. Ne6+ Kh6 $19) (
27. Kg1 $5 ) 27... Qxa2 28. Re1 Qc4 (28... Kxg7 $11 {keeps the balance.} 29. g4 Qd5) 29. Nxe4
$16 {[%emt 0:02:50] White is more active.} Bxe4 30. Qxe4 Qxb4 {[%emt 0:01:00] Endgame KQR-KQR} 31. Rb1 Qd6 32. h4 Qg6 $1 33. Qxg6 hxg6 $14 {[%emt 0:00:05] KR-KR} 34. Rc1 Rf6 35. Re1 e6 (35... a5 $11 {
remains equal.}) 36. Rc1 (36. Kh2 $16) 36... Kxg7 37. Rxc6 e5 {[%emt 0:00:40] The
position is equal.} 38. d5 e4 {[%emt 0:00:23][%cal Ye4e3]
Hoping for ...e3!} 39. Kg1 Rf5 40. Re6 Rxd5 41. Rxe4 Rd1+ {[%emt 0:
30:26] Weighted Error Value: White=0.22 (precise) /Black=0.23 (precise)}
1/2-1/2

[Event "44th Chess Olympiad Women 2022"]
[Site "Chennai"]
[Date "2022.08.03"]
[Round "6.6"]
[White "Klek, Hanna Marie"]
[Black "Belenkaya, Dina"]
[Result "0-1"]
[WhiteElo "2366"]
[BlackElo "2256"]
[Annotator "TA"]
[PlyCount "60"]
[EventDate "2022.??.??"]
[TimeControl "60"]

1. e4 c6 2. d4 d5 3. e5 Bf5 4. h4 h5 5. c4 e6 6. Nc3 Bb4 {[%emt 0:11:40] B12: Caro-Kann:
Advance Variation.} 7. Nge2 {[%emt 0:06:58] is more profitable than 7.Qb3 at
the moment.} dxc4 8. Ng3 $1 Bg6
{[%emt 0:03:59] White is slightly better.} 9. Bxc4 Ne7 10. a3 {[%emt 0:07:11] [#]} (10. O-O {is interesting.} c5 11.
Nce4 Qxd4 12. Be3) 10... Ba5 $146 ({Predecessor:} 
10... Bxc3+ 11. bxc3 c5 12. Bg5 Nbc6 13. Bxe7 Kxe7 14. Ne2 cxd4 15. cxd4 Qa5+
16. Qd2 Rhd8 17. Qxa5 Nxa5 {0-1 (32) Ratay,M (2032)-Kosteniuk,A (2495) Germany
2020}) 11. O-O Bb6 12. Be3 Nf5 13. Nxf5 Bxf5 14. g3 Nd7 15. Be2 Qe7 16. Bxh5 O-O-O 17. Qe2 f6 18. Na4 Bd3 19. Qxd3 Rxh5 20. Qg6 Rdh8 21. exf6 gxf6 22. Rac1 Bc7 23. Nc5 Nf8 24. Qg4 {[%emt 0:03:31] And now Rfe1
would win.} f5 $1 25. Bg5 $2 {[%emt 0:00:32] [#]} (25. Qf3 $11
{and White is okay.} f4 26. Bxf4 Bxf4 27. Qxf4) 25... Qh7 $1 $19 {[%emt 0:03:
36] Black is clearly winning.} ({Weaker is} 25... Qxc5 26. Qxh5 Rxh5 27. dxc5
$18) 26. Qf3 {[%emt 0:02:44][%cal Yc5b7] Nxb7! is the strong threat.} Rxg5 $1 27. Nxb7 (27. Qg2 $142 f4 28. Nxb7 (28. hxg5
$2 {too greedy.} f3 $19)) 27... Qxh4 $1 28. Nd6+ Kb8 29. Qg2 {
[%emt 0:01:30] Against Qh2+} Rhg8 ({And not} 29... Bxd6 30.
gxh4 Rxg2+ 31. Kxg2 $17) 30. Rc3 Qxd4 {[%emt 0:01:20]
Weighted Error Value: White=0.68/Black=0.15 (very precise)} 0-1